 Dungeon Crawl Stone Soup version 0.18-a0-809-g212a022 (webtiles) character file.

84 Darkell the Skirmisher (level 4, -1/73 HPs)
             Began as an Ogre Berserker on Dec 15, 2015.
             Was a Priest of Trog.
             Slain by Crazy Yiuf
             ... wielding a +3 quarterstaff of chaos
              (11 damage)
             ... on level 2 of the Dungeon.
             The game lasted 00:02:47 (1895 turns).

Darkell the Skirmisher (Ogre Berserker)             Turns: 1895, Time: 00:02:47

Health: -1/73      AC:  4    Str: 27    XL:     4   Next: 45%
Magic:  0/4        EV: 10    Int:  7    God:    Trog [***...]
Gold:   93         SH:  0    Dex:  9    Spells: 0 memorised, 3 levels left

rFire  . . .     SeeInvis .     a - +0 mace
rCold  . . .     Clarity  .     b - +0 animal skin
rNeg   . . .     SustAt   .     (no shield)
rPois  .         Gourm    .     (helmet restricted)
rElec  .         Spirit   .     k - +0 cloak
rCorr  .         Dismiss  .     (gloves unavailable)
rMut   .         Stasis   .     (boots unavailable)
MR     .....                    (no amulet)
Stlth  ..........               (no ring)
                                (no ring)

@: berserking, very slightly contaminated, invisible, very quick, not resistant
to hostile enchantments, extremely unstealthy
A: unfitting armour, tough skin 1
a: Berserk, Trog's Hand, Burn Spellbooks, Renounce Religion


You were on level 2 of the Dungeon.
You worshipped Trog.
Trog was most pleased with you.
You were hungry.

You visited 1 branch of the dungeon, and saw 2 of its levels.

You collected 93 gold pieces.

Inventory:

Hand Weapons
 a - a +0 mace (weapon)
Armour
 b - a +0 animal skin (worn)
 k - a +0 cloak (worn)
Scrolls
 e - 7 scrolls of identify {unknown}
 f - a scroll of enchant weapon {unknown}
 g - a scroll of noise {unknown}
 o - a scroll of remove curse {unknown}
 p - a scroll of magic mapping {unknown}
Potions
 d - 2 potions of curing {unknown}
 h - a potion of brilliance {unknown}
 i - a potion of agility {unknown}
 j - a potion of haste {unknown}
 m - a potion of resistance {unknown}
 n - a potion of cancellation {unknown}
Comestibles
 c - 2 bread rations
 l - 3 fruits


   Skills:
 + Level 4.9 Fighting
 + Level 4.9 Maces & Flails
 + Level 3.6 Dodging


You had 3 spell levels left.
You didn't know any spells.

Dungeon Overview and Level Annotations

Branches:
Dungeon (2/15)

Altars:
Fedhas
Gozag
Trog

Annotations:
D:2 Crazy Yiuf


Innate Abilities, Weirdness & Mutations

You are too large for most types of armour.
You have tough skin (AC +1).


Message History

You barely miss Crazy Yiuf.
Crazy Yiuf is severely wounded.
Crazy Yiuf drinks a potion.
Crazy Yiuf is healed!
You hit Crazy Yiuf.
Crazy Yiuf is moderately wounded.
Crazy Yiuf hits you with a quarterstaff of chaos!
* * * LOW HITPOINT WARNING * * *
Crazy Yiuf burns you.
* * * LOW HITPOINT WARNING * * *
You are too injured to fight recklessly!
You are too injured to fight recklessly!
You are too injured to fight recklessly!
You strike the helpless Crazy Yiuf from behind!
You sock Crazy Yiuf!
Crazy Yiuf is heavily wounded.
You feel a strong urge to attack something.
You sock Crazy Yiuf!
Crazy Yiuf is almost dead.
Crazy Yiuf hits you with a quarterstaff of chaos!
You die...

#..# #.# #...
###..## #.# ##..
#.....# #.# #..
#.##### ### ##.
#..# ####### #.
#..##♣♣♣♣♣
#[....# #.
#......♣.♣♣♣#####
##.###.# #.
#....PP.♣..♣#.g.#
#..# #.# #.
#......♣♣♣♣..@..#
#### #.####.
#....P♣♣ ♣♣#..)#
#...... #.###♣♣
##### ######. #.#
### #. ## #.##
###. ###
##.######... #.#
#.......... #.##
##.######...
##.## ##.## ####


You could see Crazy Yiuf.

Vanquished Creatures
  A gnoll (D:1)
  An adder (D:2)
  An ooze (D:1)
  2 worms (D:2)
  4 bats
  3 giant cockroaches
  11 goblins
  9 hobgoblins
  3 jackals (D:1)
  A quokka (D:2)
  6 giant newts
  4 kobolds
  7 rats
53 creatures vanquished.

Notes
Turn   | Place    | Note
--------------------------------------------------------------
     0 | D:1      | Darkell the Ogre Berserker began the quest for the Orb.
     0 | D:1      | Reached XP level 1. HP: 24/24 MP: 1/1
   136 | D:1      | Reached XP level 2. HP: 14/32 MP: 2/2
   601 | D:1      | Reached XP level 3. HP: 37/40 MP: 3/3
   607 | D:1      | Reached ** piety under Trog
  1176 | D:2      | Found a bloodstained altar of Trog.
  1249 | D:2      | Reached XP level 4. HP: 47/49 MP: 4/4
  1257 | D:2      | Found an opulent altar of Gozag.
  1776 | D:2      | Found a blossoming altar of Fedhas.
  1779 | D:2      | Reached *** piety under Trog
  1883 | D:2      | Noticed Crazy Yiuf
  1895 | D:2      | Slain by Crazy Yiuf

Vault maps used:
D:1:      dpeg_arrival_water_temple_mockup, st_stairs_13
D:2:      lemuel_crystal_altar, fedhas_altar_4, trog_three_pillars_becter,
          uniq_crazy_yiuf_cottage

Action                   |  1- 3 |  4- 6 || total
-------------------------+-------+-------++-------
Melee: Mace              |   130 |    40 ||   170
Invok: Berserk           |       |     2 ||     2
 Stab: Sleeping          |     2 |       ||     2
       Invisible         |       |     1 ||     1
  Eat: Chunk             |     1 |     3 ||     4
